 Dungeon Crawl Stone Soup version 0.26.1-11-gd32895ea62 (webtiles) character file.

Game seed: 11395843716990799865

881 Pepete the Thaumaturge (level 7, -1/36 HPs)
             Began as a Deep Elf Conjurer on June 20, 2021.
             Slain by a sky beast (5 damage)
             ... on level 5 of the Dungeon.
             The game lasted 00:15:21 (17426 turns).

Pepete the Thaumaturge (Deep Elf Conjurer)         Turns: 17426, Time: 00:15:21

Health: -1/36      AC:  5    Str:  4    XL:     7   Next: 75%
Magic:  19/20      EV: 13    Int: 25    God:
Gold:   128        SH:  0    Dex: 13    Spells: 13/22 levels left

rFire    . . .     SeeInvis .   b - +2 quarterstaff (chaos)
rCold    . . .     Faith    .   (shield currently unavailable)
rNeg     . . .     Spirit   .   a - +0 robe
rPois    .         Reflect  .   (helmet restricted)
rElec    .         Harm     .   e - +0 cloak
rCorr    .         Rampage  .   (no gloves)
Will     .....                  (no boots)
Stlth    ++........             (no amulet)
HPRegen  0.12/turn              i - ring of wizardry
MPRegen  0.17/turn              (no ring)

@: no status effects
A: horns 1, iridescent scales 1
a: no special abilities


You were on level 5 of the Dungeon.
You visited 1 branch of the dungeon, and saw 5 of its levels.

You collected 128 gold pieces.

Inventory:

Hand Weapons
 b - a +2 quarterstaff of chaos (weapon)
 d - a +0 spear
 g - a +0 whip
Armour
 a - a +0 robe (worn)
 e - a +0 cloak (worn)
Jewellery
 i - a ring of wizardry (left hand)
Wands
 l - a wand of flame (12)
 n - a wand of iceblast (6)
Scrolls
 c - 4 scrolls of identify
 f - a scroll of remove curse
 h - a scroll of immolation
 j - a scroll of blinking
 k - a scroll of amnesia {unknown}
 m - a scroll of random uselessness {unknown}


   Skills:
 + Level 2.0 Staves
 - Level 2.4 Dodging
 - Level 2.4 Stealth
 * Level 8.4 Spellcasting
 * Level 8.0 Conjurations


You had 13 spell levels left.
You knew the following spells:

 Your Spells              Type           Power        Failure   Level
a - Magic Dart            Conj           100%         1%          1
b - Iskenderun's Mystic   Conj/Tloc      30%          4%          4
c - Fulminant Prism       Conj/Hex       15%          4%          4

Your spell library contained the following spells:

 Spells                   Type           Power        Failure   Level
 Searing Ray              Conj           100%         1%          2
 Dazzling Flash           Conj/Hex       60%          1%          3


Dungeon Overview and Level Annotations

Branches:
Dungeon (5/15)
 Temple: D:4-7

Altars:
Okawaru
Wu Jian
Zin


Innate Abilities, Weirdness & Mutations

You have a pair of small horns on your head.
You are partially covered in iridescent scales. (AC +2)


Message History

[Y]es or [N]o only, please.
That beam is likely to hit you.
Continue anyway? [Y]es or [N]o only, please.
That beam is likely to hit you.
Continue anyway? [Y]es or [N]o only, please.
That beam is likely to hit you.
Continue anyway? [Y]es or [N]o only, please.
That beam is likely to hit you.
Continue anyway?
Okay, then.
Unknown command.
A sky beast appears from thin air!
Reactivating autopickup.
The sky beast flickers out of sight!
Deactivating autopickup; reactivate with Ctrl-A.
Something hits you. Something shocks you.
* * * LOW HITPOINT WARNING * * *
Something hits you.
* * * LOW HITPOINT WARNING * * *
Something shocks you.
You die...

#.# #.# #.#
#.### #.#<#
#.#.# #.#.#
########.#.#
#...@....#.#
#..........#
############


There were no monsters in sight!

Vanquished Creatures
  A phantom (D:4)
  An ogre (D:4)
  A howler monkey (D:4)
  A hound (D:3)
  Crazy Yiuf (D:3)
  3 orc priests
  Ijyb (D:3)
  A worker ant (D:4)
  Natasha (thrice) (D:3)
  6 orc wizards (D:3)
  6 gnolls (D:4)
  3 adders
  4 oozes
  3 worms
  3 dart slugs (D:2)
  3 leopard geckos
  25 orcs
  9 bats
  5 giant cockroaches
  8 goblins
  4 hobgoblins
  4 jackals (D:2)
  3 quokkas
  8 frilled lizards
  6 kobolds
  6 rats
119 creatures vanquished.

Vanquished Creatures (others)
  3 fulminant prisms (D:4)
  2 fungi (D:3)
5 creatures vanquished.

Grand Total: 124 creatures vanquished

Notes
Turn   | Place    | Note
-------+----------+-------------------------------------------
     0 | D:1      | Pepete the Deep Elf Conjurer began the quest for the Orb.
     0 | D:1      | Reached XP level 1. HP: 10/10 MP: 6/6
   730 | D:1      | Reached XP level 2. HP: 15/15 MP: 5/8
  2513 | D:2      | Reached skill level 5 in Conjurations
  2513 | D:2      | Reached XP level 3. HP: 19/19 MP: 4/10
  3747 | D:2      | Found a glowing silver altar of Zin.
  3861 | D:2      | Reached XP level 4. HP: 24/24 MP: 7/12
  4875 | D:2      | Found an ornate altar of the Wu Jian Council.
  5702 | D:3      | Reached skill level 5 in Spellcasting
  5915 | D:3      | Reached XP level 5. HP: 28/28 MP: 6/15
  7199 | D:3      | Noticed Ijyb
  8505 | D:3      | Reached XP level 6. HP: 23/32 MP: 6/17
  8927 | D:3      | Noticed Natasha
  8930 | D:3      | Killed Natasha
  9337 | D:3      | Noticed Natasha
  9340 | D:3      | Killed Natasha
  9614 | D:3      | Killed Ijyb
  9672 | D:3      | Noticed Natasha
  9676 | D:3      | Killed Natasha
 10204 | D:3      | Found a runed translucent door.
 10205 | D:3      | Noticed Crazy Yiuf
 10217 | D:3      | Killed Crazy Yiuf
 11230 | D:3      | Learned a level 4 spell: Iskenderun's Mystic Blast
 11260 | D:3      | Learned a level 4 spell: Fulminant Prism
 12639 | D:3      | Reached XP level 7. HP: 32/36 MP: 15/19
 12664 | D:3      | Gained mutation: You are partially covered in iridescent
                  | scales. (AC +2) [potion of mutation]
 12664 | D:3      | Gained mutation: You have a pair of small horns on your
                  | head. [potion of mutation]
 13479 | D:4      | Reached skill level 1 in Staves
 13983 | D:4      | Found an iron altar of Okawaru.
 17378 | D:5      | Entered Level 5 of the Dungeon
 17426 | D:5      | Slain by a sky beast

Illustrated notes

Levels and vault maps discovered:
D:1:      roderic_chinese_lattice_arrival, layout_rooms
D:2:      layout_basic, nzn_wu_jian_contemplation, lemuel_crystal_altar,
          minmay_tromino_v4_a
D:3:      cheibrodos_pilgrimage, layout_loops_ring, uniq_natasha,
          uniq_crazy_yiuf_cottage, uniq_ijyb
D:4:      layout_basic, overflow_temple_1_default
D:5:      layout_basic, kiku_gazebo_pond_becter, minmay_temple_entry_poolview,
          uniq_blork_the_orc

Skill      XL: |  1  2  3  4  5  6  7 |
---------------+----------------------+-----
Spellcasting   | 4 5 6 7 8 |  8.4
Conjurations   | 5 6 7 8 |  8.0
Staves         | 2 |  2.0
Dodging        | |  2.4
Stealth        | |  2.4

Action                   |  1- 3 |  4- 6 |  7- 9 || total
-------------------------+-------+-------+-------++-------
Melee: Spear             |     8 |       |       ||     8
       Whip              |    21 |    10 |       ||    31
       Quarterstaff      |       |       |    11 ||    11
 Cast: Magic Dart        |    81 |   199 |   106 ||   386
       Fulminant Prism   |       |     3 |       ||     3
  Use: Potion            |       |     4 |     2 ||     6
       Scroll            |       |     4 |       ||     4
 Stab: Sleeping          |     1 |       |       ||     1
Armor: Robe              |     4 |     4 |     4 ||    12
       Skin              |       |     4 |       ||     4
Dodge: Dodged            |    30 |    49 |     8 ||    87
